 Dungeon Crawl Stone Soup version 0.29-a0-234-g0dae59b3db (webtiles) character file.

Game seed: 13329627031071118029

24576 Rennog the Thaumaturge (level 13, -10/90 HPs)
             Began as an Octopode Fire Elementalist on Mar 2, 2022.
             Was a Follower of Yredelemnul.
             Mangled by a wolf spider simulacrum (17 damage)
             ... on level 14 of the Dungeon.
             The game lasted 00:55:54 (22612 turns).

Rennog the Thaumaturge (OpFE)                      Turns: 22612, Time: 00:55:55

Health: -10/90     AC:  5    Str:  8    XL:     13   Next: 14%
Magic:  35/37      EV: 17    Int: 22    God:    Yredelemnul [*.....]
Gold:   190        SH:  5    Dex: 15    Spells: 3/34 levels left

rFire   + + .      SeeInvis .   V - staff of fire
rCold   . . .      Faith    .   (no shield)
rNeg    . . .      Spirit   .   (helmet restricted)
rPois   +          Reflect  +   M - amulet of Twilight {Reflect rPois Int+3 SH+5}
rElec   .          Harm     .   a - ring of protection from fire
rCorr   .          Rampage  .   n - +4 ring of slaying
Will    .....                   t - ring of magical power
Stlth   +++++.....              S - +4 ring of slaying
HPRegen 0.25/turn               R - ring of wizardry
MPRegen 0.25/turn               T - +4 ring of protection
                                (no ring)
                                (no ring)

@: no status effects
A: almost no armour, amphibious, 8 rings, camouflage 1, gelatinous body 1,
(nimble swimmer 1), tentacles
a: Renounce Religion, Recall Undead Harvest


You were on level 14 of the Dungeon.
You worshipped Yredelemnul.
Yredelemnul was noncommittal.
You visited 4 branches of the dungeon, and saw 20 of its levels.
You also visited: Sewer and Ossuary.

You collected 937 gold pieces.
You spent 747 gold pieces at shops.

Inventory:

Hand Weapons
 f - a +0 short sword of draining
Armour
 X - the +0 hat of the Flute {Harm rN+ Will- Slay+5}
   (You bought it in a shop on level 5 of the Dungeon)

   Slay:      It affects your accuracy & damage with ranged weapons and melee
   (+5).
   rN:        It protects you from negative energy.
   Harm:      It increases damage dealt and taken.
   Will:      It decreases your willpower.
Magical Staves
 l - a staff of conjuration
 q - a staff of earth
 V - a staff of fire (weapon)
Jewellery
 a - a ring of protection from fire (left tentacle)
 n - a +4 ring of slaying (right tentacle)
 t - a ring of magical power (on tentacle)
 A - an amulet of regeneration
 M - the amulet of Twilight (around mantle) {Reflect rPois Int+3 SH+5}
   (You bought it in a shop on level 5 of the Dungeon)

   [amulet of reflection]

   It reflects blocked missile attacks.
   Int:       It affects your intelligence (+3).
   rPois:     It protects you from poison.
   SH:        It affects your SH (+5).
 O - a ring of ice
 R - a ring of wizardry (on tentacle)
 S - a +4 ring of slaying (on tentacle)
 T - a +4 ring of protection (on tentacle)
 W - a ring of fire
Wands
 D - a wand of flame (17)
 H - a wand of mindburst (27)
 J - a wand of paralysis (16)
 P - a wand of iceblast (12)
 Q - a wand of polymorph (5)
Scrolls
 b - 3 scrolls of vulnerability {unknown}
 c - 17 scrolls of identify {unknown}
 g - 5 scrolls of teleportation
 h - 8 scrolls of enchant armour {unknown}
 i - 4 scrolls of immolation {unknown}
 r - 2 scrolls of fog {unknown}
 s - 5 scrolls of noise {unknown}
 u - a scroll of amnesia {unknown}
 v - 3 scrolls of brand weapon {unknown}
 x - 2 scrolls of enchant weapon {unknown}
 y - a scroll of summoning {unknown}
 B - 2 scrolls of blinking {unknown}
 K - 3 scrolls of magic mapping {unknown}
 L - 2 scrolls of fear {unknown}
 N - a scroll of holy word {unknown}
Potions
 d - 5 potions of brilliance {unknown}
 e - 2 potions of flight {unknown}
 j - 2 potions of degeneration {unknown}
 k - 4 potions of curing {unknown}
 m - 4 potions of mutation {unknown}
 o - 10 potions of heal wounds {unknown}
 p - 5 potions of haste {unknown}
 w - 7 potions of attraction
 z - a potion of cancellation {unknown}
 C - 2 potions of magic {unknown}
 E - 2 potions of might {unknown}
 F - 2 potions of berserk rage
 G - a potion of invisibility {unknown}
 I - 2 potions of lignification {unknown}
 U - a potion of resistance {unknown}


   Skills:
 + Level 8.9 Fighting
 - Level 8.1 Dodging
 - Level 9.0 Stealth
 - Level 11.0 Spellcasting
 * Level 8.6 Conjurations
 - Level 4.6 Translocations
 * Level 9.4 Fire Magic


You had 3 spell levels left.
You knew the following spells:

 Your Spells              Type           Power      Damage    Failure   Level
a - Foxfire               Conj/Fire      100%       2x1d9     1%          1
b - Scorch                Fire           100%       2d10      1%          2
c - Conjure Flame         Conj/Fire      67%        6-21      1%          3
d - Inner Flame           Hex/Fire       49%        N/A       1%          3
e - Flame Wave            Conj/Fire      67%        2d12      1%          4
f - Sticky Flame          Conj/Fire      67%        2d8       1%          4
g - Passage of Golubria   Tloc           32%        N/A       3%          4
h - Starburst             Conj/Fire      33%        6d10      9%          6
i - Iskenderun's Mystic   Conj/Tloc      41%        2d9       1%          4

Your spell library contained the following spells:

 Spells                   Type           Power      Damage    Failure   Level
 Apportation              Tloc           64%        N/A       1%          1
 Dazzling Flash           Conj/Hex       62%        N/A       1%          3
 Ignite Poison            Fire/Tmut/Pois 38%        N/A       1%          3
 Mephitic Cloud           Conj/Pois/Air  24%        N/A       1%          3
 Animate Skeleton         Necr           24%        N/A       2%          1
 Freeze                   Ice            48%        1d7       2%          1
 Slow                     Hex            48%        N/A       2%          1
 Summon Small Mammal      Summ           48%        N/A       2%          1
 Sublimation of Blood     Necr           12%        N/A       3%          2
 Wereblood                Tmut           12%        N/A       3%          2
 Frozen Ramparts          Ice            24%        1d4       6%          3
 Ozocubu's Armour         Ice            12%        N/A       6%          3
 Tukima's Dance           Hex            12%        N/A       6%          3
 Hailstorm                Conj/Ice       31%        3d8       4%          4
 Freezing Cloud           Conj/Ice/Air   12%        6-21      19%         5
 Ice Form                 Ice/Tmut       12%        N/A       21%         4
 Summon Ice Beast         Ice/Summ       12%        N/A       21%         4
 Alistair's Intoxication  Tmut/Pois      8%         N/A       50%         5
 Metabolic Englaciation   Hex/Ice        6%         N/A       50%         5
 Summon Mana Viper        Hex/Summ       12%        N/A       50%         5
 Yara's Violent Unravell  Hex/Tmut       6%         3d5       50%         5
 Simulacrum               Ice/Necr       6%         N/A       96%         6
 Ozocubu's Refrigeration  Ice            6%         4d6       100%        7
 Summon Hydra             Summ           6%         N/A       100%        7


Dungeon Overview and Level Annotations

Branches:
Dungeon (14/15)            Temple (1/1) D:6            Lair (4/6) D:10
  Swamp (0/4) Lair:4          Orc (1/2) D:11          Sewer (visited)
Ossuary (visited)
  Snake: Lair:2-4    Spider: Lair:2-4    Vaults: D:13-14

Altars:
Ashenzari
Cheibriados
Dithmenos
Elyvilon
Fedhas
Gozag
Hepliaklqana
Kikubaaqudgha
Makhleb
Nemelex Xobeh
Okawaru
Qazlal
Ru
Sif Muna
Trog
Uskayaw
Vehumet
Wu Jian
Xom
Yredelemnul
Zin
The Shining One
Beogh

Shops:
D:5 =[[?(   D:13 *

Annotations:
Lair:3 Rupert
Orc:1 Nergalle


Innate Abilities, Weirdness & Mutations

You cannot wear most types of armour.
You are amphibious.
You can wear up to eight rings at the same time.
Your skin changes colour to match your surroundings (Stealth+).
Your rubbery body absorbs attacks. (AC +1, EV +1)
((You are camouflaged when in or above water. (Stealth+)))
You have tentacles for arms and can constrict up to eight enemies at once.


Message History

There is an open door here.
There is a stone staircase leading down here.
You open the door.
There is an open door here.
You now have 190 gold pieces (gained 16).
x - 2 scrolls labelled VUDI DOTOSTOSAR (gained 1)
You open the door.
There is an open door here.
You open the door.
Found an escape hatch in the floor.
There is an open door here.
You pick up the Almanac of Fetching Displacement and begin reading...
You add the spells Slow and Summon Mana Viper to your library.
As you open the door, it creaks loudly!
Okay, then.
There is an open door here.
A wolf spider simulacrum comes into view.
Found a stone staircase leading down.
A wolf spider simulacrum is nearby!
A wolf spider simulacrum is nearby!
The wolf spider simulacrum hits you.
The wolf spider simulacrum freezes you!!
The wolf spider simulacrum bites you.
The wolf spider simulacrum freezes you!!
Casting: Scorch (safe; 1% risk of failure)
Confirm with . or Enter, or press ? or * to list all spells.
You feel a surge of power!
Flames lash the wolf spider simulacrum.
The wolf spider simulacrum melts!
The wolf spider simulacrum is moderately damaged.
The wolf spider simulacrum's fire resistance burns away.
The wolf spider simulacrum completely misses you.
The wolf spider simulacrum bites you.
The wolf spider simulacrum freezes you!!
* * * LOW HITPOINT WARNING * * *
The wolf spider simulacrum completely misses you.
The wolf spider simulacrum bites you.
* * * LOW HITPOINT WARNING * * *
The wolf spider simulacrum freezes you!
You die...
Your body rises from the dead as a mindless zombie.

#.....# #........#
#.....# #........#
#.....# ## #.....>..#
#.....# ...#........#
#.....# #..........#
###.....# #........#
##.'.....#
#...Z....###..#...>.#
#..Z@........##.....#
#........########'###
######.### #.... #. ...#
#####' ##)#########
#..... #..........#
#..... #.........<###
#.....
###..........'.####.....
#.'..........#...##.....


You could see a wolf spider simulacrum (combustible, ally target) and a friendly
centaur warrior zombie.

Vanquished Creatures
  A boulder beetle (Lair:1)
  A hydra (Lair:1)
  A centaur warrior (D:14)
  A deep elf pyromancer (D:10)
  A lindwurm (shapeshifter) (D:13)
  A cyclops (D:12)
  2 manticores
  An ugly thing (D:13)
  A black mamba (Lair:2)
  A cane toad (Lair:3)
  2 komodo dragons
  A rime drake (Lair:1)
  A freezing wraith (D:14)
  3 kobold demonologists
  A yaktaur (D:14)
  3 trolls
  Grinder (D:3)
  7 slime creatures
  7 blink frogs
  Sigmund (D:5)
  3 wyverns
  A wraith (D:10)
  15 yaks
  Grum (Lair:1)
  2 basilisks
  5 vampire mosquitoes (D:13)
  2 steam dragons
  Menkaure (D:5)
  A warg (Orc:1)
  Duvessa (D:4)
  A spectral yak (D:10)
  3 water moccasins
  A sky beast (D:5)
  2 ice beasts
  9 orc warriors
  2 black bears (Lair:2)
  3 ogres
  2 wolves (Lair:1)
  5 centaurs
  6 kobold brigands
  A phantom (D:6)
  2 necrophages
  10 bullfrogs
  A gnoll sergeant (D:8)
  3 scorpions
  3 wights (D:7)
  Dowan (D:4)
  8 killer bees
  4 electric eels
  A centaur zombie (Ossuary)
  11 orc priests
  4 jellies
  A gnoll shaman (D:5)
  Terence (D:2)
  2 iguanas
  12 orc wizards
  An ogre zombie (Orc:1)
  11 gnolls
  5 river rats (Sewer)
  10 adders
  2 white imps
  An ufetubus (D:7)
  2 adder zombies (Ossuary)
  2 worms
  3 dart slugs
  46 orcs
  4 endoplasms
  6 giant cockroaches
  2 gnoll zombies (D:8)
  8 goblins
  8 hobgoblins
  6 jackals (D:5)
  26 kobolds
  4 quokkas
  11 ball pythons
  5 bats
  5 frilled lizards
  7 hobgoblin zombies
  8 kobold zombies
  13 orc zombies
  27 rats
  2 spectral orcs
394 creatures vanquished.

Vanquished Creatures (collateral kills)
  A centaur warrior (D:14)
  A two-headed ogre (D:13)
  A cyclops (D:10)
  A blink frog (Lair:1)
  A polar bear (Lair:1)
  4 slime creatures (D:12)
  4 yaks
  2 orc warriors
  2 wolves (Lair:1)
  2 bullfrogs
  An electric eel (D:9)
  A lava snake (D:13)
  2 orc priests
  An orc (D:11)
  A gnoll zombie (D:8)
  4 kobolds
  8 foxfires
37 creatures vanquished.

Vanquished Creatures (others)
  4 blink frog zombies
  A lindwurm zombie (D:13)
  2 vampire mosquito zombies (D:13)
  A komodo dragon zombie (Lair:1)
  A yaktaur zombie (D:14)
  A cyclops zombie (D:12)
  A water moccasin zombie (Lair:1)
  A troll zombie (D:12)
  4 yak zombies
  A killer bee (D:9)
  2 wolf zombies (Lair:1)
  A bullfrog zombie (Lair:3)
  A killer bee zombie (D:9)
  5 kobold zombies
  11 orc zombies
  A spectral ufetubus (D:7)
  1391 foxfires
  7 fungi
  29 plants
1465 creatures vanquished.

Grand Total: 1896 creatures vanquished

Notes
Turn   | Place    | Note
-------+----------+-------------------------------------------
     0 | D:1      | Rennog the Octopode Fire Elementalist began the quest for
                  | the Orb.
     0 | D:1      | Reached XP level 1. HP: 11/11 MP: 3/3
    51 | D:1      | Found a faded altar of an unknown god.
   168 | D:1      | Reached XP level 2. HP: 7/17 MP: 0/5
   967 | D:1      | Reached skill level 3 in Spellcasting
   967 | D:1      | Reached XP level 3. HP: 15/21 MP: 2/7
  1045 | D:1      | Learned a level 2 spell: Scorch
  1136 | D:2      | Noticed Terence
  1463 | D:2      | Killed Terence
  1464 | D:2      | Reached XP level 4. HP: 11/27 MP: 0/8
  2227 | D:3      | Noticed an orc warrior
  2301 | D:3      | Reached skill level 1 in Fighting
  2349 | D:3      | Reached XP level 5. HP: 33/33 MP: 1/10
  2636 | D:3      | Noticed Grinder
  2645 | D:3      | Killed Grinder
  2646 | D:3      | Reached skill level 4 in Spellcasting
  2646 | D:3      | Reached XP level 6. HP: 39/39 MP: 1/12
  3047 | D:3      | Found a sparkling altar of Nemelex Xobeh.
  3450 | D:3      | Killed an orc warrior
  3451 | D:3      | Reached XP level 7. HP: 45/45 MP: 2/13
  3612 | D:4      | Found a sand-covered staircase.
  3682 | D:4      | Learned a level 3 spell: Conjure Flame
  3683 | Ossuary  | Entered an ossuary
  4830 | D:4      | Noticed Duvessa
  4830 | D:4      | Noticed Dowan
  5013 | D:5      | Entered Level 5 of the Dungeon
  5013 | D:5      | Found Vaocop's Antique Armour Boutique.
  5016 | D:5      | Noticed Sigmund
  5042 | D:5      | Found a glowing drain.
  5167 | Sewer    | Entered a sewer
  5284 | Sewer    | Reached skill level 5 in Spellcasting
  5808 | Sewer    | Reached XP level 8. HP: 44/52 MP: 15/16
  5890 | Sewer    | Learned a level 3 spell: Inner Flame
  5942 | D:5      | Found Tuir Eva's Antique Weapon Boutique.
  5978 | D:4      | Killed Duvessa
  5979 | D:4      | Reached skill level 5 in Fire Magic
  5981 | D:4      | Killed Dowan
  6601 | D:5      | Found Nehubb's Armour Emporium.
  6852 | D:5      | Reached skill level 6 in Spellcasting
  6953 | D:5      | Killed Sigmund
  7002 | D:5      | Found Fily's Jewellery Boutique.
  7003 | D:5      | Reached XP level 9. HP: 52/58 MP: 10/18
  7304 | D:5      | Noticed Menkaure
  7306 | D:5      | Killed Menkaure
  7436 | D:5      | Found Ukaugyt's Magic Scroll Emporium.
  7668 | D:6      | Learned a level 4 spell: Flame Wave
  7725 | D:6      | Reached skill level 5 in Dodging
  7919 | D:6      | Reached skill level 7 in Spellcasting
  8509 | D:6      | Found a staircase to the Ecumenical Temple.
  8515 | Temple   | Entered the Ecumenical Temple
  8695 | Temple   | Became a worshipper of Yredelemnul the Dark
  9151 | D:7      | Reached skill level 5 in Conjurations
  9307 | D:7      | Identified the +3 ring mail of Poor Excuses {Dex+2}
  9422 | D:7      | Reached * piety under Yredelemnul
  9624 | D:7      | Reached skill level 5 in Fighting
 10170 | D:8      | Reached XP level 10. HP: 66/66 MP: 21/21
 10446 | D:8      | Reached ** piety under Yredelemnul
 10684 | D:8      | Reached skill level 8 in Spellcasting
 10917 | D:8      | Learned a level 4 spell: Sticky Flame
 11837 | D:9      | Noticed a kobold demonologist
 11837 | D:9      | Noticed a kobold demonologist
 11844 | D:9      | Noticed a rust devil
 12085 | D:9      | Killed a kobold demonologist
 12227 | D:9      | Killed a kobold demonologist
 12228 | D:9      | Reached skill level 9 in Spellcasting
 12228 | D:9      | Reached skill level 1 in Translocations
 12349 | D:10     | Entered Level 10 of the Dungeon
 12581 | D:10     | Reached XP level 11. HP: 73/73 MP: 19/24
 12912 | D:10     | Reached *** piety under Yredelemnul
 12915 | D:10     | Reached **** piety under Yredelemnul
 13117 | D:10     | Found a staircase to the Lair.
 13135 | D:10     | Reached skill level 5 in Stealth
 13265 | D:10     | Noticed a deep elf pyromancer
 13279 | D:10     | Killed a deep elf pyromancer
 13509 | D:10     | Noticed a cyclops
 13525 | D:10     | Killed a cyclops
 13817 | D:5      | Bought the amulet of Twilight {Reflect rPois Int+3 SH+5}
                  | for 522 gold pieces
 14124 | D:11     | Learned a level 4 spell: Passage of Golubria
 14457 | D:11     | Noticed a deep elf knight
 14457 | D:11     | Noticed a wizard
 14458 | D:11     | Noticed a manticore
 14459 | D:11     | Noticed a cyclops
 14461 | D:11     | Noticed a tengu warrior
 14462 | D:11     | Noticed a boulder beetle
 14463 | D:11     | Noticed a centaur warrior
 14472 | D:11     | Found a staircase to the Orcish Mines.
 15299 | D:12     | Noticed a cyclops
 15463 | D:12     | Noticed a death knight
 15514 | Lair:1   | Entered Level 1 of the Lair of Beasts
 15622 | Lair:1   | Reached skill level 10 in Spellcasting
 15831 | Lair:1   | Noticed an eight-headed hydra
 15832 | Lair:1   | Noticed Grum
 15858 | Lair:1   | Killed an eight-headed hydra
 15864 | Lair:1   | Killed Grum
 16465 | Lair:1   | Noticed a boulder beetle
 16486 | Lair:1   | Killed a boulder beetle
 16487 | Lair:1   | Reached XP level 12. HP: 81/81 MP: 8/26
 18585 | Lair:3   | Noticed Rupert
 18640 | Lair:4   | Noticed a boulder beetle
 18640 | Lair:4   | Found a staircase to the Swamp.
 18646 | Lair:3   | Reached skill level 11 in Spellcasting
 19188 | Orc:1    | Entered Level 1 of the Orcish Mines
 19197 | Orc:1    | Noticed Nergalle
 20480 | D:12     | Reached ***** piety under Yredelemnul
 20827 | D:5      | Bought a smouldering hat for 225 gold pieces
 20827 | D:5      | Identified the +0 hat of the Flute {Harm rN+ Will- Slay+5}
                  | (You bought it in a shop on level 5 of the Dungeon)
 21143 | D:13     | Noticed a two-headed ogre
 21148 | D:13     | Killed a two-headed ogre
 21180 | D:13     | Learned a level 6 spell: Starburst
 21185 | D:13     | Learned a level 4 spell: Iskenderun's Mystic Blast
 21270 | D:13     | Reached XP level 13. HP: 83/89 MP: 28/28
 21329 | D:13     | Found a hide-covered altar of Uskayaw.
 21434 | D:13     | Found Cebo Waa's Demolitions Depot.
 22595 | D:14     | Got the Almanac of Fetching Displacement
 22612 | D:14     | Mangled by a wolf spider simulacrum

Illustrated notes

Levels and vault maps discovered:
D:1:      doesnt_arrival_eight_statues, layout_rooms,
          ebering_ecumenical_altar_ruins
D:2:      layout_loops_cross, item_on_display_a, uniq_terence
D:3:      layout_rooms, mainiacjoe_overflow_six_doors_small, uniq_grinder
D:4:      layout_gridville, enter_ossuary_3, uniq_duvessa
D:5:      layout_basic, portal_sewer_entry_f, serial_shops,
          nicolae_stop_n_shop_2, shop_fountains, shop, nicolae_lakefront_shop,
          nicolae_stop_n_shop_1, uniq_sigmund, uniq_menkaure
D:6:      layout_basic, minmay_temple_entry_enclosed_plants
D:7:      layout_basic
D:8:      layout_gridville
D:9:      layout_irregular_city, serial_bayou_lagoon_b
D:10:     layout_irregular_city, david_lair_shrubbed, item_on_display_a
D:11:     layout_layer_cave, minmay_orc_entry_temple_small,
          onia_ninara_dug_in_and_dangerous
D:12:     layout_cave_pools
D:13:     layout_irregular_city, nicolae_blasting_shop, nicolae_uskayaw_suspiria
D:14:     layout_roguey, erik_vaults_2
Temple:   mainiacjoe_temple_starburst
Lair:1:   layout_layer_cave, nzn_sisyphean_effort, infiniplex_staircase_pool_2,
          uniq_grum
Lair:2:   layout_long_grid, infiniplex_staircase_pool
Lair:3:   layout_chaotic_city, lemuel_fruit_fields, uniq_rupert
Lair:4:   layout_concentric_octagons, swamp_mist, spider_nest_entry_webs,
          basic_altar
Orc:1:    layout_caves, basic_altar, uniq_maurice, uniq_nergalle, uniq_erica

Skill      XL: |  1  2  3  4  5  6  7  8  9 10 11 12 13 |
---------------+----------------------------------------+-----
Spellcasting   | 3 4 5 6 7 9 10 11 | 11.0
Fighting       | 1 2 3 4 5 6 7 8 |  8.9
Conjurations   | 2 3 4 5 6 8 |  8.6
Fire Magic     | 4 5 6 7 8 9 |  9.4
Dodging        | 3 4 5 6 7 8 |  8.1
Stealth        | 4 6 9 |  9.0
Translocations | 1 4 |  4.6

Action                   |  1- 3 |  4- 6 |  7- 9 | 10-12 | 13-15 || total
-------------------------+-------+-------+-------+-------+-------++-------
Melee: Short sword       |    16 |     3 |       |       |       ||    19
       Constrict         |     3 |       |       |       |       ||     3
       Tentacles         |     2 |       |       |       |       ||     2
       Staff             |       |       |       |     1 |       ||     1
 Cast: Foxfire           |    45 |    49 |   371 |   324 |    20 ||   809
       Scorch            |    10 |    19 |    74 |   231 |    12 ||   346
       Inner Flame       |       |       |     1 |     5 |       ||     6
       Conjure Flame     |       |       |     1 |       |       ||     1
       Flame Wave        |       |       |       |    16 |       ||    16
       Sticky Flame      |       |       |       |    13 |     6 ||    19
       Passage of Golubr |       |       |       |     2 |     2 ||     4
       Starburst         |       |       |       |       |     2 ||     2
Invok: Recall Undead Har |       |       |     4 |     7 |     2 ||    13
  Use: Scroll            |       |       |     1 |     2 |       ||     3
 Stab: Sleeping          |     3 |     2 |       |       |       ||     5
Armor: Skin              |       |     2 |     8 |    11 |     5 ||    26
Dodge: Dodged            |    22 |     7 |    61 |   129 |    12 ||   231
Block: Other             |       |       |       |    21 |       ||    21

Table legend: (Time is in decaauts)
 A = Elapsed time spent in this place.
 B = Non-inter-level travel time spent in this place.
 C = Inter-level travel time spent in this place.
 D = Time resting spent in this place.
 E = Time spent auto-exploring this place.
 F = Levels seen in this place.
 G = Mean time per level.
                   A        B        C        D        E       F      G
               +--------+--------+--------+--------+--------+-----+--------+
         Total |  22660 |  20775 |   1885 |   2740 |  14835 |  22 | 1030.0 |
       Dungeon |  17624 |  15986 |   1638 |   2285 |  11198 |  14 | 1258.9 |
        Temple |    239 |    172 |     67 |      0 |    169 |   1 |  239.0 |
          Lair |   3504 |   3324 |    180 |    455 |   2504 |   4 |  876.0 |
  Orcish Mines |     10 |     10 |      0 |      0 |      0 |   1 |   10.0 |
         Sewer |    724 |    724 |      0 |      0 |    581 |   1 |  724.0 |
       Ossuary |    555 |    555 |      0 |      0 |    383 |   1 |  555.0 |
               +--------+--------+--------+--------+--------+-----+--------+

Top non-repeatable levels by time:
    D:11: 1982 daAuts
    D:10: 1543 daAuts
     D:2: 1520 daAuts
  Lair:1: 1456 daAuts
     D:4: 1443 daAuts
     D:9: 1414 daAuts
    D:12: 1406 daAuts
     D:5: 1386 daAuts
     D:6: 1227 daAuts
    D:13: 1205 daAuts
     D:8: 1164 daAuts
  Lair:2: 1130 daAuts
     D:1: 1066 daAuts
     D:3: 1030 daAuts
     D:7: 967 daAuts
